Match 20610194
Unlisted

Match 20610194
End
Vickers Machine Gun Team
Construct Section Command Post
Infantry Section
Infantry Section
Vickers Machine Gun Team
Infantry Section
Construct Platoon Command Post
Selects Air and Sea Battlegroup
Selects Commando Section Paradrop
Construct Company Command Post
Construct Company Command Post
CMP 15cwt Truck
Matilda II Heavy Tank
Selects M1 Pack Howitzer Paradrop
Foot Guards Section
Matilda II Heavy Tank
Selects Incendiary Bombing Run
Incendiary Bombing Run
SneaKerz
gb_gbg
Mac Tonight
soud
0
0

Comments sign in to comment!

No comments posted yet!